[Event "*** SCC Grand Prix: Titled Tuesday Blitz"]
[Site "Chess.com"]
[Date "2020.07.14"]
[Round "2"]
[White "ChainsOfFantasia"]
[Black "GukeshDommaraju"]
[Result "0-1"]
[WhiteElo "2465"]
[BlackElo "2707"]
[TimeControl "180+1"]
[EndTime "10:19:25 PDT"]
[Termination "GukeshDommaraju won on time"]

1. c4 e6 2. Nc3 d5 3. d4 Bb4 4. Nf3 Nf6 5. Qb3 c5 6. dxc5 Nc6 7. Bg5 h6 8. Bxf6 Qxf6 9. e3 a5 10. a3 a4 11. Qc2 Bxc3+ 12. Qxc3 Qxc3+ 13. bxc3 dxc4 14. Nd2 Ra5 15. Ne4 Ke7 16. Bxc4 f5 17. Nd2 Rxc5 18. Rb1 Ne5 19. Bb5 Rxc3 20. Bxa4 Rxa3 21. Bb5 Rd8 22. Nf3 Nxf3+ 23. gxf3 f4 24. exf4 Rxf3 25. Rg1 Kf6 26. Rb4 Rd5 27. Be2 Rc3 28. f3 Rc1+ 29. Kf2 Rxg1 30.
Kxg1 Rd7 31. Kf2 Rc7 32. Ke3 Bd7 33. Bd3 Be8 34. Be4 b5 35. Bd3 Rc5 36. Rb2 Rh5 37. Kd4 Rd5+ 38. Ke3 Rc5 39. Kd4 Rh5 40. Ke3 Bc6 41.
Be4 Bxe4 42. fxe4 e5 43. fxe5+ Rxe5 44. Kd4 Rh5 45. Rf2+ Ke6 46. Rg2 g5 47. Rb2 g4 48.
Rg2 Rg5 49. Rc2 Kd6 50. Ra2 h5 51. Ra6+ Kd7 52. Rh6 Ke7 53. e5 b4 54. Rb6 h4 55.
Kd5 g3 56. hxg3 hxg3 57. Rb7+ Kf8 58. Ke6 g2 59. Kf6 Rg6+ 60. Kxg6 g1=Q+ 61. Kf6 Qf2+ 62. Ke6 Qa2+ 63. Kd6 Qa6+ 64. Kc7 Qxb7+ 65. Kxb7 Ke7 66. Kc6 b3 0-1

[Event "*** SCC Grand Prix: Titled Tuesday Blitz"]
[Site "Chess.com"]
[Date "2020.07.14"]
[Round "2"]
[White "crazyboy26"]
[Black "Mikasinski"]
[Result "0-1"]
[WhiteElo "2709"]
[BlackElo "2495"]
[TimeControl "180+1"]
[EndTime "10:19:27 PDT"]
[Termination "Mikasinski won on time"]

1. e4 c5 2. Na3 g6 3. c3 Bg7 4.
d4 cxd4 5. cxd4 d6 6. h3 Nc6 7. Nf3 Nf6 8. Bd3 O-O 9. O-O d5 10. e5 Ne4 11. Re1 f6 12. exf6 Bxf6 13. Bh6 Rf7 14.
Nc2 Bf5 15. Rc1 e5 16. Ne3 exd4 17. Nxf5 gxf5 18. a3 Bg7 19. Bf4 a6 20. Re2 Qf6 21.
Qb3 Rd8 22. Rec2 Bh6 23. Bxh6 Qxh6 24. Qb6 Rd6 25. Nxd4 Ne5 26. Rc8+ Kg7 27. Qb3 Nc4 28. Re1 Qd2 29. Re2 Qc1+ 30. Kh2 Rb6 31. Qc2 Qf4+ 32. g3 Qe5 33. Nf3 Qe6 34. Bxc4 Qxc8 35. Bxd5 Qxc2 36.
Rxc2 Rd7 37. Bc4 Rc7 38. b3 Rbc6 39. Nd4 Rf6 40. Re2 Rd7 41. Nf3 b5 42. Ne5 Re7 43. f4 bxc4 44. Nxc4 Rc7 45. Ne5 Re6 46. g4 Nc5 47.
gxf5 Re8 48. Rg2+ Kf8 49. f6 Nd7 50. Rg7 Nxe5 51. Rxc7 Nf7 52. Ra7 Re6 53. Ra8+ Re8 54. Rxa6 Nh6 55. b4 Kf7 56. b5 Nf5 57. a4 Re2+ 58.
Kg1 Ng3 59. b6 Rb2 60. a5 Ne4 61. Kf1 Nc5 62. Ra8 Kxf6 63. Rc8 Na6 64. Rc6+ Kf5 65. Rc4 Nb8 66. Ke1 Rb1+ 0-1

[Event "*** SCC Grand Prix: Titled Tuesday Blitz"]
[Site "Chess.com"]
[Date "2020.07.14"]
[Round "2"]
[White "WinstonSilvakov"]
[Black "El_ultimo_Pablo"]
[Result "0-1"]
[WhiteElo "2118"]
[BlackElo "2403"]
[TimeControl "180+1"]
[EndTime "10:19:31 PDT"]
[Termination "El_ultimo_Pablo won on time"]

1. d4 Nf6 2. e3 g6 3. Bd3 Bg7 4. h4 h5 5. c4 d6 6. Nc3 c5 7. d5 O-O 8. Nf3 e6 9. Qc2 exd5 10. cxd5 Bg4 11. Nh2 Na6 12. f3 Bd7 13. a3 Nc7 14. e4 Re8 15. O-O b5 16. Bg5 a5 17. Bf4 Qe7 18.
Rae1 Nh7 19. Bg3 b4 20. Ne2 Nb5 21. f4 bxa3 22. bxa3 Rab8 23. a4 Nd4 24. Nxd4 Bxd4+ 25. Kh1 Rb2 26. Qc1 Reb8 27. Nf3 Bg7 28. e5 Bxa4 29.
e6 f5 30. Ng5 Nxg5 31. fxg5 Bb5 32. Bxb5 R8xb5 33. Re3 Bd4 34. Bxd6 Bxe3 35. Qxe3 Qxd6 36.
e7 Rb8 37. e8=Q+ Rxe8 38. Qxe8+ Kg7 39. Re1 Rb7 40. Re6 Rb1+ 41. Re1 Rxe1+ 42. Qxe1 Qxd5 43. Qe7+ Qf7 44. Qxc5 a4 45. Qa5 Qd7 46. Qc3+ Kh7 47. Qa3 Qa7 48. Kh2 Kg7 49. Kh1 Kf7 50. Kh2 Ke6 51.
Qa2+ Ke5 52. Qe2+ Kd5 53. Qd3+ Qd4 54. Qb5+ Ke4 55. Qe2+ Qe3 56. Qc4+ Qd4 57. Qe2+ Kd5 58. Qb5+ Kd6 59. Qa6+ Ke5 60. Qb5+ Kf4 61. Qe2 a3 62. g4 hxg4 63. Qf1+ Ke4 64. Qe2+ Qe3 65. Qc4+ Kf3 66. Qd5+ Kf2 0-1

[Event "*** SCC Grand Prix: Titled Tuesday Blitz"]
[Site "Chess.com"]
[Date "2020.07.14"]
[Round "2"]
[White "c_r_e_e_p_e_r"]
[Black "QuintilianoR"]
[Result "0-1"]
[WhiteElo "2304"]
[BlackElo "2647"]
[TimeControl "180+1"]
[EndTime "10:19:39 PDT"]
[Termination "QuintilianoR won by checkmate"]

1. c4 e5 2. g3 Nf6 3. Bg2 d5 4. cxd5 Nxd5 5. Nc3 Nb6 6. Nf3 Nc6 7. O-O Be7 8. a3 O-O 9. b4 Re8 10. d3 Bf8 11.
Bb2 f6 12. Rc1 Be6 13. Ne4 a6 14. Nc5 Bxc5 15. bxc5 Nd5 16. Qa4 Qd7 17. Rfd1 Rad8 18. e4 Nde7 19. Qc2 Na5 20. Nd2 Qxd3 21. Qxd3 Rxd3 22. Bf1 Rdd8 23. Bc3 Nac6 24. Bc4 Bxc4 25. Nxc4 Rxd1+ 26. Rxd1 Rd8 27. Rb1 Rd3 28. Ba1 Kf8 29.
Kf1 Nd8 30. Ke2 Rd7 31. Ne3 g6 32. Bc3 c6 33. f3 Ne6 34. Bb4 Nd4+ 35. Kf2 f5 36.
Rb2 Kf7 37. Nc4 Ke6 38. Nb6 Rd8 39. Nc4 Rf8 40. Ke3 Nb5 41. Rd2 fxe4 42. fxe4 Rf1 43.
Nd6 Re1+ 44. Kf2 Rb1 45. Nxb7 Nd4 46. Nd6 Rb3 47. Nc4 Rf3+ 48. Kg2 Rb3 49. Na5 Re3 50.
Nb7 Rxe4 51. Nd6 Re2+ 52. Rxe2 Nxe2 53. Nc4 Nd4 54. Kf2 Nd5 55. Ba5 Nb3 56. Bb6 Nd4 57. Bc7 Nxc7 58. Nd6 Ncb5 59. Nb7 Nxa3 60. Na5 Kd5 61.
Ke3 Ndc2+ 62. Kd2 Nb4 63. Nb3 Nb5 64. Ke3 a5 65. Nxa5 Kxc5 66. Nb7+ Kd5 67. Nd8 c5 68. h4 Nc6 69. Nb7 Nbd4 70. Kd3 c4+ 71. Kd2 Nb5 72. h5 c3+ 73. Kc2 gxh5 74. Kc1 Ncd4 75. Kd1 c2+ 76. Kd2 Nc3 77. Nc5 Na2 78. Nd3 e4 79. Nc1 Nxc1 80. Kxc1 e3 81. g4 e2 82. g5 e1=Q+ 83. Kb2 Qb1+ 84. Ka3 c1=Q+ 85. Ka4 Qc4+ 86. Ka5 Qbb5# 0-1

[Event "*** SCC Grand Prix: Titled Tuesday Blitz"]
[Site "Chess.com"]
[Date "2020.07.14"]
[Round "2"]
[White "Colombiano07"]
[Black "SantoBlue"]
[Result "0-1"]
[WhiteElo "2318"]
[BlackElo "2768"]
[TimeControl "180+1"]
[EndTime "10:19:46 PDT"]
[Termination "SantoBlue won by checkmate"]

1. d4 Nf6 2. Nf3 d5 3. Bf4 e6 4. e3 b6 5. Nbd2 Be7 6. h3 O-O 7.
c3 c5 8. Bd3 Ba6 9. Qe2 Bxd3 10. Qxd3 Nc6 11. O-O Bd6 12. dxc5 Bxf4 13. exf4 bxc5 14.
Ne5 Qc7 15. Rfe1 Rab8 16. Rab1 Ne7 17. b4 Rfc8 18. a3 a5 19. b5 a4 20. c4 Rd8 21.
Qc2 Nf5 22. Nc6 Nd4 23. Nxd4 cxd4 24. c5 d3 25. Qxa4 Qxc5 26. Rec1 Qd6 27. g3 Ra8 28. Qb4 Qxb4 29. Rxb4 Rxa3 30. b6 Raa8 31. b7 Rab8 32. Rc3 Ne4 33. Rxd3 Nc5 34. Rc3 Rxb7 35. Rxb7 Nxb7 36. Rc7 Nd6 37. Nf3 h6 38. Ne5 Kf8 39.
Kg2 Ke8 40. g4 Rc8 41. Ra7 Rc2 42. Ra8+ Ke7 43. Ra7+ Ke8 44. Ra8+ Rc8 45. Ra7 d4 46. Rd7 Nb5 47. Rxf7 Rc7 48. Rxc7 Nxc7 49. Kf3 Nd5 50.
Ke4 Kf8 51. f5 Nf6+ 52. Kxd4 exf5 53. gxf5 Ke7 54. Ng6+ Kf7 55. Ke5 Nd7+ 56. Kf4 Kf6 57. h4 Nb6 58. h5 Nd5+ 59. Kg4 Nc3 60. Nf4 Ne4 61. Nd5+ Ke5 62. f3 Kxd5 63. fxe4+ Kxe4 64. Kg3 Kxf5 65. Kh4 Kf4 66. Kh3 Kg5 67. Kg3 Kxh5 68. Kh3 Kg5 69. Kg3 h5 70. Kh3 h4 71. Kg2 Kg4 72. Kh2 g5 73. Kg2 Kf4 74. Kh3 Kf3 75. Kh2 g4 76. Kh1 Kg3 77. Kg1 h3 78.
Kh1 Kh4 79. Kh2 g3+ 80. Kg1 Kg4 81. Kh1 Kf3 82. Kg1 Ke2 83. Kh1 g2+ 84. Kg1 Ke1 85. Kh2 Kf2 86. Kxh3 g1=Q 87. Kh4 Qg6 88. Kh3 Qh5# 0-1

[Event "*** SCC Grand Prix: Titled Tuesday Blitz"]
[Site "Chess.com"]
[Date "2020.07.14"]
[Round "2"]
[White "Sankalp_Gupta2003"]
[Black "ferdipy"]
[Result "0-1"]
[WhiteElo "2764"]
[BlackElo "2335"]
[TimeControl "180+1"]
[EndTime "10:19:47 PDT"]
[Termination "ferdipy won on time"]

1. e4 e6 2. d4 d5 3. Nd2 Be7 4. Bd3 Nf6 5. e5 Nfd7 6. Ne2 c5 7.
c3 Nc6 8. O-O cxd4 9. cxd4 f6 10.
Nf4 Nxd4 11. Qh5+ Kf8 12. Nb3 Qe8 13. Bg6 Ne2+ 14. Qxe2 hxg6 15. Nxe6+ Kg8 16. exf6 Nxf6 17.
Nbd4 Ne4 18. f3 Bxe6 19. Nxe6 Nc5 20. Nd4 Bf6 21. Qxe8+ Rxe8 22. Rd1 Rh4 23. Nb3 b6 24. h3 Rd8 25. Kf2 Rc4 26. Nxc5 bxc5 27. Rb1 Rc2+ 28. Rd2 Bd4+ 29. Kf1 Rxd2 30. Bxd2 Rb8 31. b3 a5 32. Bf4 Rc8 33. Ke2 Ra8 34. Rd1 Kf7 35. Be3 Bxe3 36. Kxe3 Ke6 37. Kd3 a4 38. Kc3 axb3 39.
Kxb3 Rb8+ 40. Kc3 Kd6 41. f4 d4+ 42. Kc2 Kd5 43. Re1 Ra8 44. Re5+ Kd6 45. Kb2 c4 46.
Rg5 c3+ 47. Kb3 Rb8+ 48. Kc2 Rb2+ 49. Kc1 Rxa2 50. Rxg6+ Kd5 51. Rxg7 d3 52. Rd7+ Ke4 53. Re7+ Kxf4 54. Rf7+ Kg3 55. Rg7+ Kf2 56. Rf7+ Kxg2 57.
Rg7+ Kxh3 58. Rh7+ Kg2 59. Rg7+ Kf3 60. Rf7+ Ke4 61. Re7+ Kd5 62. Rd7+ Kc4 63. Rc7+ Kb4 64. Rb7+ Kc5 65. Rc7+ Kd5 66. Rxc3 Kd4 67. Rc7 Rh2 68. Kd1 Ke3 69. Re7+ Kd4 70. Rd7+ Kc3 71. Rc7+ Kd4 72. Rd7+ Ke4 0-1

[Event "*** SCC Grand Prix: Titled Tuesday Blitz"]
[Site "Chess.com"]
[Date "2020.07.14"]
[Round "2"]
[White "AttackSparrow"]
[Black "AldokhinIvan"]
[Result "1-0"]
[WhiteElo "2309"]
[BlackElo "2568"]
[TimeControl "180+1"]
[EndTime "10:19:48 PDT"]
[Termination "AttackSparrow won by checkmate"]

1. e4 c6 2. d4 d5 3. exd5 cxd5 4. c4 Nc6 5. Nc3 Nf6 6. Bg5 e6 7. c5 Be7 8. Bb5 O-O 9. Nf3 Ne4 10. Bxe7 Qxe7 11. O-O f5 12. Rc1 Bd7 13. Re1 Rf6 14.
Bxc6 Bxc6 15. Ne5 Rh6 16. g3 Rf8 17. Ne2 f4 18. Nxf4 Rxf4 19. gxf4 Qh4 20. Ng4 Rg6 21. f3 h5 22. Qc2 Kh7 23. Kh1 hxg4 24. fxe4 dxe4 25. Re3 g3 26. Rg1 Qxf4 27. Qe2 g2+ 28.
Rxg2 Rxg2 29. Kxg2 Qg5+ 30. Kf1 Kg8 31. Qf2 Qd8 32. Rg3 Qe7 33. Qe3 Bd5 34. b3 b6 35.
Qg5 Qf7+ 36. Ke1 Qd7 37. Qe5 bxc5 38. dxc5 Qb7 39. h4 Qb4+ 40. Kf2 Qd2+ 41. Kg1 Qe1+ 42.
Kh2 Qf2+ 43. Kh3 Qf1+ 44. Kh2 Qf2+ 45. Kh3 Qf7 46. h5 e3 47. Rxe3 Qf1+ 48. Kh4 Qh1+ 49. Kg3 Qg1+ 50. Kh4 Qf2+ 51. Qg3 Qf6+ 52. Kh3 Qf5+ 53.
Qg4 Qf1+ 54. Kh4 Qf2+ 55. Qg3 Qf6+ 56. Kh3 Kh8 57. Qb8+ Kh7 58. Qe5 Qf1+ 59. Kh4 Qf2+ 60. Qg3 Qf6+ 61. Qg5 Qf2+ 62. Qg3 Qf1 63. Qg6+ Kh8 64.
Qe8+ Kh7 65. Qg6+ Kg8 66. Rg3 Qh1+ 67. Kg4 Qd1+ 68. Kf4 Qd2+ 69. Ke5 Qe1+ 70. Kd6 Qa1 71. Qe8+ Kh7 72. Qg6+ Kg8 73. h6 Be4 74. Qxg7+ Qxg7 75. Rxg7+ Kf8 76. Kxe6 Ke8 77. h7 Kd8 78. h8=Q# 1-0

[Event "*** SCC Grand Prix: Titled Tuesday Blitz"]
[Site "Chess.com"]
[Date "2020.07.14"]
[Round "2"]
[White "Stormeman100100"]
[Black "GMNickPert"]
[Result "0-1"]
[WhiteElo "2444"]
[BlackElo "2666"]
[TimeControl "180+1"]
[EndTime "10:19:49 PDT"]
[Termination "GMNickPert won by resignation"]

1. Nf3 Nf6 2. b3 b6 3. g3 Bb7 4. Bg2 g6 5. Bb2 Bg7 6. O-O O-O 7. c4 d6 8. d4 Nbd7 9. Nbd2 e5 10. dxe5 Ng4 11.
Qc2 dxe5 12. h3 Nh6 13. Rad1 Qe7 14. Nb1 Rad8 15. Nc3 e4 16. Nd2 f5 17. Nd5 Bxd5 18.
cxd5 Ne5 19. Nc4 Nhf7 20. f4 exf3 21. exf3 Nxc4 22. bxc4 Bxb2 23. Qxb2 Qc5+ 24. Kh2 Qxc4 25. Rc1 Qxd5 26. Rxc7 Rd7 27. f4 Qd2 28. Qxd2 Rxd2 29. Rxa7 Re8 30. Kg1 Ree2 31. Bf3 Re3 32. Rf2 Red3 33. Rxd2 Rxd2 34. a4 Kf8 35. Rb7 Rd4 36. Rxb6 Rxa4 37. Rb7 Rd4 38. Kg2 Kg7 39. Bc6 Kf6 40.
Kf3 h5 41. Bb5 Nd6 42. Rb6 Kg7 43. Be2 Ne4 44. Rb7+ Kh6 45. g4 hxg4+ 46. hxg4 fxg4+ 47. Kxg4 Nf6+ 48. Kf3 Ra4 49. Bd3 Ra3 50. Ke2 Nd5 51. Rf7 Kh5 52. Bc2 Kg4 53. Bd1 Nxf4+ 54. Kf2+ Kg5 55. Rf8 Ne6 56. Re8 Kf6 57. Be2 Ng5 58.
Rf8+ Kg7 59. Rf4 Ra7 60. Rb4 Re7 61. Bf3 Rf7 62. Rb3 Ne4+ 63. Kg2 Ng5 64. Bg4 Rf4 65.
Bf3 Kh6 66. Rb8 Rxf3 67. Rh8+ Kg7 68. Ra8 Rf5 69. Ra7+ Nf7 70. Ra1 Rg5+ 71. Kf3 Rf5+ 72. Ke3 g5 73. Ra7 Rf6 74. Ke4 Kg6 75. Ra1 Rf4+ 76.
Ke3 Rf5 77. Ra6+ Rf6 78. Ra1 g4 79. Ra8 Kg5 80. Ke2 Nh6 81. Rh8 Nf5 82. Ra8 Re6+ 83. Kf1 Rd6 84. Kg2 Rd2+ 85. Kg1 Kf4 86. Ra4+ Kf3 87.
Ra2 Rxa2 0-1

[Event "*** SCC Grand Prix: Titled Tuesday Blitz"]
[Site "Chess.com"]
[Date "2020.07.14"]
[Round "2"]
[White "jens1102"]
[Black "Supernotar"]
[Result "0-1"]
[WhiteElo "2423"]
[BlackElo "2842"]
[TimeControl "180+1"]
[EndTime "10:19:54 PDT"]
[Termination "Supernotar won by checkmate"]

1. c4 c5 2. Nf3 Nc6 3. Nc3 g6 4. g3 Bg7 5. Bg2 e6 6. O-O Nge7 7. e3 O-O 8. d4 cxd4 9. exd4 d5 10. cxd5 Nxd5 11.
Nxd5 exd5 12. h3 Qb6 13. Qb3 Qxb3 14. axb3 Nxd4 15. Nxd4 Bxd4 16. Rd1 Bg7 17. Bxd5 Bxh3 18. Bxb7 Rad8 19. Rxd8 Rxd8 20. Be3 Bxb2 21. Rxa7 Kg7 22. Bg2 Bxg2 23. Kxg2 Rb8 24. Ra6 Rxb3 25. Rb6 Rxb6 26. Bxb6 h5 27. Be3 Kf6 28. Bd2 Kf5 29. f3 Bd4 30.
Ba5 Ke6 31. Bc7 Kd5 32. Bd8 Kc4 33. Be7 Kd3 34. Bd8 Ke2 35. Be7 Bb6 36. Bf6 Bc5 37.
Bd8 Be3 38. Be7 f5 39. f4 Bd4 40. Bd8 Bc5 41. Bf6 Kd3 42. Bd8 Bd4 43. Kf3 Bc5 44.
Bf6 Bb6 45. Be7 Kd2 46. Bf6 Ke1 47. Be7 Bd4 48. Bd8 Kf1 49. Be7 Kg1 50. Bd8 Kh2 51. Be7 Kh3 52. Bd8 Bc5 53. Bf6 Bb6 54. Be7 Ba5 55.
Kf2 Kg4 56. Bf6 Bb6+ 57. Kg2 Be3 58. Bd8 Bd2 59. Be7 Be1 60. Bh4 Bd2 61. Be7 Bxf4 62. gxf4 Kxf4 63. Bd6+ Kg4 64. Be7 g5 65. Bd6 f4 66.
Bc7 Kf5 67. Kf3 g4+ 68. Kf2 h4 69. Bb6 Ke4 70. Bc5 h3 71. Kg1 g3 72. Bd6 Kf3 73.
Bc7 h2+ 74. Kh1 Kf2 75. Bb6+ Kf1 76. Bc5 f3 77. Bb6 f2 78. Bxf2 gxf2 79. Kxh2 Ke2 80. Kg3 f1=Q 81. Kg4 Ke3 82. Kh4 Qf8 83. Kg3 Qg7+ 84.
Kh2 Kf2 85. Kh1 Qg2# 0-1

[Event "*** SCC Grand Prix: Titled Tuesday Blitz"]
[Site "Chess.com"]
[Date "2020.07.14"]
[Round "2"]
[White "Schandenfreude"]
[Black "Witik"]
[Result "0-1"]
[WhiteElo "2455"]
[BlackElo "2673"]
[TimeControl "180+1"]
[EndTime "10:20:00 PDT"]
[Termination "Witik won on time"]

1. Nf3 Nf6 2. b3 d5 3. Bb2 Bg4 4. e3 Nbd7 5. Be2 e6 6. c4 Be7 7. O-O O-O 8. cxd5 exd5 9. d3 Re8 10. a3 Bd6 11. Nbd2 c6 12. Re1 a5 13. Qc2 Rc8 14.
Bc3 Bb8 15. b4 axb4 16. axb4 Nf8 17. Qb2 Ng6 18. Bxf6 gxf6 19. d4 Kg7 20. Bf1 h5 21. Rec1 h4 22. b5 Qd6 23. bxc6 bxc6 24. Qa3 Qe6 25.
Qa6 f5 26. Re1 Qf6 27. Rac1 f4 28. e4 h3 29. e5 Qe6 30. g3 fxg3 31. hxg3 h2+ 32.
Kxh2 Rh8+ 33. Kg1 Rh6 34. Bg2 Ne7 35. Qd3 Rch8 36. Nh4 Ba7 37. Ndf3 Nf5 38. Nxf5+ Bxf5 39. Qe3 Be4 40. Nh4 Rxh4 41. gxh4 Rxh4 42. f3 Bg6 43. Qg5 Bxd4+ 44. Kf1 Rh5 45. Qf6+ Qxf6 46. exf6+ Kh7 47. Red1 c5 48. Rxd4 cxd4 49. Rd1 d3 50. Kf2 Kh6 51. f4 Be4 52. Bf3 Bxf3 53. Kxf3 Kg6 54. Kg4 Rf5 55. Rxd3 Kxf6 56. Ra3 Kg6 57. Ra6+ Rf6 58. Ra5 Rd6 59.
f5+ Kf6 60. Kf4 d4 61. Ra2 d3 62. Rd2 Rd4+ 63. Ke3 Ke5 64. f6 Rd5 65. Rxd3 Rxd3+ 66. Kxd3 Kxf6 67. Ke4 Kg5 68. Ke3 Kf5 69. Kf3 f6 70.
Ke3 Kg4 71. Kf2 Kf4 0-1

[Event "*** SCC Grand Prix: Titled Tuesday Blitz"]
[Site "Chess.com"]
[Date "2020.07.14"]
[Round "2"]
[White "bgfbfbgfbgfgf"]
[Black "Kavyev_Ruslan"]
[Result "1-0"]
[WhiteElo "2665"]
[BlackElo "2452"]
[TimeControl "180+1"]
[EndTime "10:20:01 PDT"]
[Termination "bgfbfbgfbgfgf won by resignation"]

1. e4 c5 2. Nc3 d6 3. f4 c4 4.
Bxc4 g6 5. Nf3 Bg7 6. O-O e6 7. d4 Ne7 8. Bb3 O-O 9. e5 d5 10. Ne2 Nbc6 11. c3 b5 12. Bd2 a5 13. Be1 b4 14. Ba4 bxc3 15. Nxc3 Ba6 16. Rf2 Qb6 17. a3 Nf5 18. Bxc6 Qxc6 19. Rc1 Rfc8 20. Bd2 Qb6 21. Na4 Qa7 22. Rxc8+ Rxc8 23. Bc3 Bf8 24. h3 Bb5 25. Kh2 Bxa3 26. bxa3 Bxa4 27. Qxa4 Rxc3 28. Rb2 Rc8 29. Rb5 Rc4 30. Qxa5 Qxa5 31. Rxa5 Nxd4 32. Nxd4 Rxd4 33. Kg3 h5 34. h4 Rd3+ 35. Kf2 Rd2+ 36. Kf3 Rd3+ 37.
Ke2 Rb3 38. Ra7 Kg7 39. a4 Rb2+ 40. Kf3 Rb3+ 41. Kf2 Rb2+ 42. Kg3 Rb3+ 43. Kh2 Rb4 44. g3 Rb2+ 45. Kg1 d4 46. a5 d3 47. Rd7 d2 48.
Kf1 Ra2 49. Ke2 d1=Q+ 50. Kxd1 Rxa5 51. Ke2 Ra3 52. Kf2 Kf8 53. Rd8+ Ke7 54. Rb8 Ra7 55. Kg2 Kd7 56. Kh3 Kc6 57. Rd8 Rd7 58. Ra8 Kd5 59.
Kg2 Ke4 60. Ra4+ Kf5 61. Ra3 Kg4 62. Ra2 Rd3 63. Ra7 Rxg3+ 64. Kh2 Rf3 65. Rxf7 Rf2+ 66. Kg1 Rxf4 67. Rf6 Kg3 68. Rxg6+ Rg4 69. Rxe6 Kxh4+ 70. Kf2 Kh3 71. Re8 h4 72. e6 Re4 73. Kf3 Re1 74. e7 Re6 75. Kf2 Re5 76. Kf3 Re1 77.
Kf4 Kh2 78. Kf3 h3 79. Kf2 Re6 80. Kf1 Kh1 81. Rh8 Rf6+ 82. Ke1 Re6+ 83. Kf2 Rf6+ 84. Kg3 Rg6+ 85. Kxh3 Re6 86. e8=Q Rxe8 87. Rxe8 Kg1 88. Rf8 1-0

[Event "*** SCC Grand Prix: Titled Tuesday Blitz"]
[Site "Chess.com"]
[Date "2020.07.14"]
[Round "2"]
[White "GjakanTati"]
[Black "Infernal_XaM"]
[Result "1-0"]
[WhiteElo "2588"]
[BlackElo "2990"]
[TimeControl "180+1"]
[EndTime "10:20:11 PDT"]
[Termination "GjakanTati won by resignation"]

1. d4 Nf6 2. c4 e6 3. Nf3 c5 4. d5 exd5 5. cxd5 d6 6. Nc3 g6 7. h3 Bg7 8. e4 O-O 9. Be2 Re8 10. Nd2 Na6 11. O-O Nc7 12. a4 b6 13.
Re1 Rb8 14. Bf1 a6 15. Nc4 b5 16. axb5 axb5 17. Na5 Bd7 18. Nc6 Bxc6 19. dxc6 Rb6 20. Bf4 Rxc6 21. Nxb5 Nxe4 22. Nxc7 Rxc7 23. Bb5 Bd4 24.
Bxe8 Bxf2+ 25. Kh2 Bxe1 26. Bb5 Qh4 27. Qf3 Re7 28. Bc6 Ng5 29. Qf1 h6 30. Bxd6 Re6 31. Ra8+ Kh7 32. Bf4 Rf6 33. g3 Bxg3+ 34. Bxg3 Qxg3+ 35. Kxg3 Rxf1 36. Ra5 Ne6 37. Bd5 Nd4 38. Rxc5 Rf5 39.
b4 Ne2+ 40. Kh2 Rf2+ 41. Kh1 Kg7 42. Bc4 Ng3+ 43. Kg1 Rf4 44. Rc7 Ne4 45. b5 Nd6 46. Bd3 Rd4 47. Bf1 Rb4 48. Rc6 Nb7 49. b6 g5 50. Ba6 Na5 51. Rc5 Nb3 52. Rc6 Nd4 53.
Rd6 Nf5 54. Rc6 Ne7 55. Rd6 Nf5 56. Rc6 h5 57. b7 Nd4 58. Rc8 Rb2 59. b8=Q Nf3+ 60.
Kf1 Nh2+ 61. Ke1 Nf3+ 62. Kd1 Rxb8 63. Rxb8 g4 64. hxg4 hxg4 65. Ke2 Ne5 66. Kf2 f5 67. Rb7+ Kf6 68. Kg3 Kg5 69. Rg7+ Kf6 70. Rg8 Kf7 71. Ra8 Kf6 72. Be2 Kg5 73. Rg8+ Ng6 74. Bd3 Kf6 75. Ra8 f4+ 76. Kg2 Ne5 77. Ra6+ Kg5 78. Ra5 Kf6 79. Be4 Ke6 80. Kf2 Kf6 81.
Ra6+ Kg5 82. Re6 Nc4 83. Rg6+ Kh4 84. Rf6 Kg5 85. Rf5+ 1-0

[Event "*** SCC Grand Prix: Titled Tuesday Blitz"]
[Site "Chess.com"]
[Date "2020.07.14"]
[Round "2"]
[White "Aguiar94"]
[Black "rasmussvane"]
[Result "0-1"]
[WhiteElo "2540"]
[BlackElo "2888"]
[TimeControl "180+1"]
[EndTime "10:20:19 PDT"]
[Termination "rasmussvane won by resignation"]

1. e4 c6 2. d4 d5 3. e5 Bf5 4. Nf3 e6 5. Be2 Ne7 6. O-O Ng6 7. Nbd2 Nf4 8. Nb3 Nxe2+ 9. Qxe2 Be7 10. h3 O-O 11. a4 a5 12. Re1 Na6 13. c3 Qb6 14. Nbd2 c5 15. Qb5 Qc7 16. Nf1 Rfc8 17. Ng3 Bg6 18.
Qe2 Rab8 19. h4 h6 20. h5 Bh7 21. Bf4 Qd7 22. Qb5 Qd8 23. Qe2 Qe8 24. Qb5 Qd8 25. Qe2 Qe8 26. Qb5 Nc7 27. Qxa5 c4 28. Qb6 Qd7 29. a5 Ra8 30. a6 bxa6 31.
Qa5 Rcb8 32. Ra2 Rb5 33. Qa4 a5 34. Rea1 Rab8 35. Bc1 Qc8 36. Qd1 Ra8 37. Qe2 Bd3 38. Qe3 Bf8 39. Qf4 Qd8 40. Qg4 Kh8 41. Nh4 Be7 42.
Nf3 Bh7 43. Ne1 Qc8 44. f4 Qd7 45. Qf3 f5 46. exf6 Bxf6 47. Qe2 Ne8 48. Nf3 Nd6 49. Ne5 Qe8 50. Nf1 Ne4 51. g4 Qe7 52. Qg2 Bxe5 53. dxe5 Nc5 54. Be3 Nd3 55. Qg3 Be4 56.
Bd4 Qb7 57. f5 exf5 58. gxf5 Bxf5 59. Ne3 Be4 60. e6 Qe7 61. Qe5 Qg5+ 62. Qxg5 hxg5 63. Rf1 Kh7 64. Rf7 Rg8 65. e7 Rbb8 66. Rxa5 Nf4 67. Ra7 Rbe8 68. Nf5 Bxf5 69. Rxf5 Kh6 70. Re5 Kxh5 71.
Kf2 Kg6 72. Ke3 Rh8 73. Kf3 Rh3+ 74. Kf2 Nd3+ 75. Kg1 Nxe5 76. Bxe5 Kf7 77. Bd4 Rxe7 78. Ra5 Rf3 79. Kg2 Rf5 80. Rb5 Kg6 81. Rb6+ Kh5 82. Rb8 Kg4 83. Ra8 Re2+ 84. Kg1 Rf3 85. Rb8 Rd3 0-1

[Event "*** SCC Grand Prix: Titled Tuesday Blitz"]
[Site "Chess.com"]
[Date "2020.07.14"]
[Round "2"]
[White "manmanlai1"]
[Black "Korchmar_Vasiliy"]
[Result "0-1"]
[WhiteElo "2460"]
[BlackElo "2689"]
[TimeControl "180+1"]
[EndTime "10:20:20 PDT"]
[Termination "Korchmar_Vasiliy won by resignation"]

1. e4 c5 2. Nf3 d6 3. Bb5+ Bd7 4. Bxd7+ Qxd7 5. O-O Nc6 6. Qe2 Nf6 7. Rd1 g6 8. c3 Bg7 9. d4 cxd4 10. cxd4 d5 11. e5 Ne4 12. Be3 O-O 13. Ne1 f6 14. f3 Ng5 15.
Bxg5 fxg5 16. Nc3 Rf4 17. Qe3 Raf8 18. Ne2 R4f5 19. Nd3 b6 20. Rac1 Nd8 21. Ng3 Rf4 22. Ne2 R4f5 23. Rc2 Ne6 24. Rdc1 h5 25. h3 Kh7 26.
Nf2 Bh6 27. Ng3 Rf4 28. Nd3 Rxd4 29. Ne2 g4 30. f4 Re4 31. Qd2 gxh3 32. gxh3 Nxf4 33.
Ndxf4 Bxf4 34. Nxf4 Rexf4 35. Qg2 Qf5 36. Re2 e6 37. Rc7+ Rf7 38. Rxf7+ Qxf7 39. Qg3 Qf5 40. Kg2 Kh6 41. Qe3 Qg5+ 42. Kh2 Rf5 43. Qd4 Qf4+ 44.
Qxf4+ Rxf4 45. Kg3 Re4 46. Rc2 Rxe5 47. Rc7 Re2 48.
Rxa7 Rxb2 49. Kf4 Rf2+ 50. Ke5 Rf3 51. h4 Re3+ 52. Kf6 Re4 53. Ra8 Rf4+ 54. Kxe6 Rxh4 55. Kxd5 Rh2 56. Ra6 Rb2 57. a4 Kg5 58. Ke4 Rb4+ 59. Kf3 h4 60. a5 bxa5 61. Rxa5+ Kh6 62. Kg2 g5 63. Kh3 Kh5 64. Rc5 Rb3+ 65. Kh2 Ra3 66. Rb5 Re3 67. Rc5 Re4 68. Kh3 Re8 69. Rd5 Rf8 70. Rc5 Kg6 71. Rc6+ Rf6 72. Rc5 Rf3+ 73. Kg2 Rf5 74. Rc6+ Kh5 75. Rc8 Kg4 76. Rh8 Ra5 77. Rg8 Ra2+ 78. Kf1 Kf4 79. Rf8+ Kg3 80. Rb8 Ra1+ 81. Ke2 g4 82. Rb3+ Kg2 83. Rb4 Kh3 84. Kf2 g3+ 85. Kf3 Ra3+ 86. Kf4 g2 87. Rb1 Kh2 88.
Kg4 g1=Q+ 89. Rxg1 Kxg1 90. Kxh4 Kg2 0-1

[Event "*** SCC Grand Prix: Titled Tuesday Blitz"]
[Site "Chess.com"]
[Date "2020.07.14"]
[Round "2"]
[White "Onischuk_V"]
[Black "Munkhzul_Turmunkh"]
[Result "1-0"]
[WhiteElo "2886"]
[BlackElo "2540"]
[TimeControl "180+1"]
[EndTime "10:21:14 PDT"]
[Termination "Onischuk_V won by resignation"]

1. e4 c5 2. Nc3 Nc6 3. Bb5 Nd4 4. Bc4 e6 5. Nge2 Nf6 6. e5 d5 7. exd6 Bxd6 8. d3 O-O 9. Nxd4 cxd4 10. Ne2 Bb4+ 11. Bd2 Bxd2+ 12. Qxd2 Qd6 13. O-O b6 14. a4 Bb7 15. a5 Rfd8 16. Rfe1 Qc6 17. Qg5 h6 18.
Qg3 Nh5 19. Qh3 b5 20. Bb3 a6 21. f3 Nf6 22. Nf4 Re8 23. Qg3 Qc5 24. Re2 Rac8 25. Rae1 Qg5 26. Re5 Qxg3 27. hxg3 Nd7 28. R5e2 Nc5 29. Ba2 Nd7 30. Kf2 Kf8 31. Rd2 Rc5 32.
Ke2 e5 33. Nh3 Rec8 34. Kd1 Nf6 35. Rde2 Bd5 36. Bb1 Re8 37. Kd2 Bb7 38. g4 b4 39.
Ba2 Rxa5 40. Bc4 Rc5 41. b3 a5 42. g5 Nd7 43. gxh6 gxh6 44. Nf2 f6 45. Ng4 Kg7 46. Rh1 Rh8 47. Ree1 Nf8 48. Rh5 Bc8 49. Nf2 Ng6 50.
g3 Bd7 51. Ne4 Rc7 52. Ra1 Ra7 53. Nc5 Be8 54. Rhh1 Kf8 55. Bd5 Ke7 56. Be4 Kd6 57.
Bxg6 Bxg6 58. Rxa5 Rxa5 59. Nb7+ Kc6 60. Nxa5+ Kb5 61.
Nc4 Kc5 62. Ke2 Bf7 63. Nd2 Bd5 64. Ne4+ Bxe4 65. fxe4 h5 66. Rf1 h4 67. gxh4 Rxh4 68. Rxf6 Rh2+ 69. Kd1 Rh1+ 70. Kd2 Rh2+ 71. Kc1 Rh1+ 72. Kb2 Rh2 73. Re6 Rh5 74. Re8 Rg5 75. Rd8 Rh5 76. Rd5+ Kc6 77. Kc1 Rh1+ 78. Kb2 Rh5 79.
Rd8 Kc5 80. Rb8 Rg5 81. Rc8+ Kb5 82. Kc1 Rg1+ 83. Kd2 Rg2+ 84. Ke1 Rh2 85. Kf1 Kb6 86. Rc4 Kb5 87. Ke1 Rg2 88. Rc8 Rh2 89. Re8 Rxc2 90. Rxe5+ Kc6 91. Rd5 Rc3 92. Rxd4 Rxb3 93. Kd2 Rb2+ 94.
Kc1 Rb3 95. Kc2 Rc3+ 96. Kb2 Kc5 97. Rd5+ Kc6 98. d4 Re3 99. Rc5+ Kb6 100. e5 Rd3 101.
Rd5 Kc6 102. Rd6+ Kb5 103. e6 Kc4 104. d5 Rd2+ 105. Kc1 Re2 106. Rd7 Kc3 107. Rc7+ Kd3 108. e7 b3 109. d6 Re6 110. d7 Rxe7 111. d8=Q+ 1-0

[Event "*** SCC Grand Prix: Titled Tuesday Blitz"]
[Site "Chess.com"]
[Date "2020.07.14"]
[Round "3"]
[White "Fighter008"]
[Black "Ati1517"]
[Result "1-0"]
[WhiteElo "2531"]
[BlackElo "2339"]
[TimeControl "180+1"]
[EndTime "10:22:54 PDT"]
[Termination "Fighter008 won by resignation"]

1. e4 e5 2. Nf3 Nc6 3. Nc3 Nf6 4.
Bb5 Bc5 5. O-O d6 6. d4 exd4 7. Nxd4 Bxd4 8. Qxd4 Bd7 9. Bxc6 Bxc6 10. Bg5 Bd7 11. Nd5 Bc6 12. Nxf6+ 1-0